Map: Oxid LE

Players

GunGFuBanDa - Winner!

  • Race: Protoss Protoss
  • League: Grandmaster
  • Spawn Location: 1:00

BratOK (Brat_OK)

  • Race: Terran Terran
  • League: Master
  • Spawn Location: 7:00

Event: DreamHack SC2 Masters 2020 Winter

VOD

Have the link to the VOD?

Description

Time

  • Played on: Oct. 18, 2020, 2:33 p.m.
  • Length: 11:57

All games in this series

Show
View Real Time Build Order
Export as new Build Order

GunGFuBanDa Protoss - Winner!

Build Orders: 1 Gate Expand, Blink Stalkers, Colossus Rush 

Get SALT Encoding   

  12  0:00  Probe  
  13  0:12  Probe  
  14  0:17  Pylon  
  14  0:24  Probe (Chrono Boost)  
  16  0:36  Probe (Chrono Boost)  
  16  0:37  Gateway  
  16  0:43  Probe (Chrono Boost)  
  16  0:45  Assimilator  
  17  0:51  Probe  
  18  1:03  Probe  
  19  1:15  Probe  
  20  1:25  Cybernetics Core  
  20  1:33  Nexus  
  20  1:38  Probe  
  21  1:44  Pylon  
  21  1:50  Probe  
  21  1:52  Assimilator  
  22  2:00  Adept (Chrono Boost)  
  22  2:02  Warp Gate  
  22  2:06  Probe  
  25  2:18  Probe (Chrono Boost)  
  25  2:22  Sentry  
  29  2:30  Probe (Chrono Boost)  
  29  2:37  Probe (Chrono Boost)  
  29  2:40  Gateway  
  29  2:43  Twilight Council  
  30  2:45  Probe (Chrono Boost)  
  30  2:50  Probe (Chrono Boost)  
  32  2:54  Probe (Chrono Boost)  
  32  2:55  Stalker  
  36  2:58  Probe (Chrono Boost)  
  36  3:00  Probe (Chrono Boost)  
  37  3:12  Probe (Chrono Boost)  
  39  3:14  Blink (Chrono Boost)  
  39  3:15  Probe (Chrono Boost)  
  40  3:20  Probe (Chrono Boost)  
  40  3:23  Probe (Chrono Boost)  
  40  3:25  Stalker  
  40  3:26  Probe  
  43  3:32  Pylon  
  43  3:34  Probe  
  45  3:38  Probe  
  46  3:45  Gateway  
  46  3:50  Probe x2  
  46  3:52  Stalker, Robotics Facility  
  50  4:02  Pylon, Probe x2  
  52  4:05  Assimilator  
  52  4:07  Stalker  
  54  4:14  Assimilator  
  54  4:16  Pylon  
  54  4:20  Probe x2  
  56  4:26  Pylon  
  53  4:33  Probe  
  53  4:34  Stalker  
  53  4:35  Stalker  
  53  4:38  Probe  
  59  4:45  Probe  
  60  4:50  Probe  
  61  4:53  Robotics Bay  
  61  4:57  Probe  
  62  5:01  Observer  
  62  5:02  Probe  
  62  5:04  Stalker  
  62  5:06  Pylon  
  66  5:11  Gateway  
  66  5:13  Charge (Chrono Boost)  
  66  5:20  Probe  
  66  5:21  Probe  
  68  5:24  Pylon  
  68  5:29  Pylon  
  68  5:31  Nexus  
  68  5:37  Colossus (Chrono Boost)  
  68  5:41  Probe  
  75  5:45  Probe  
  76  5:51  Extended Thermal Lance  
  76  5:53  Probe  
  76  5:54  Pylon  
  78  5:57  Probe  
  78  5:58  Observer  
  78  6:03  Forge  
  78  6:05  Probe  
  79  6:12  Probe  
  79  6:17  Probe  
  79  6:18  Colossus (Chrono Boost), Shield Battery  
  81  6:24  Probe  
  87  6:29  Probe  
  87  6:32  Stalker, Zealot x2  
  94  6:33  Protoss Ground Weapons Level 1 (Chrono Boost)  
  94  6:36  Gateway  
  94  6:37  Gateway  
  94  6:42  Probe  
  94  6:45  Pylon, Probe  
  94  6:46  Probe  
  97  6:53  Gateway  
  97  6:55  Gateway  
  97  6:59  Zealot  
  97  7:00  Zealot x2  
  103  7:02  Colossus  
  103  7:04  Probe  
  105  7:08  Shield Battery  
  105  7:11  Pylon  
  110  7:19  Pylon  
  110  7:22  Zealot x2  
  112  7:23  Zealot  
  116  7:31  Probe  
  117  7:41  Gateway  
  117  7:42  Templar Archives  
  117  7:45  Pylon  
  117  7:51  Stalker x3  
  123  7:56  Warp Prism  
  123  8:00  Probe  
  123  8:02  Zealot x3  
  123  8:03  Zealot  
  131  8:07  Assimilator  
  131  8:08  Assimilator  
  131  8:09  Pylon  
  131  8:10  Pylon  
  131  8:16  Forge  
  131  8:18  Pylon  
  131  8:23  Protoss Ground Weapons Level 2 (Chrono Boost)  
  131  8:26  Probe  
  131  8:27  Probe  
  133  8:31  Warp Prism  
  133  8:32  Gravitic Drive  
  135  8:34  High Templar x2  
  135  8:35  High Templar x2  
  135  8:38  Archon  
  135  8:39  Archon  
  143  8:44  Zealot x3, Protoss Ground Armor Level 1 (Chrono Boost)  
  143  8:45  Zealot  
  151  8:51  Pylon  
  151  9:03  Pylon  
  151  9:05  Photon Cannon  
  151  9:11  Observer (Chrono Boost)  
  151  9:14  Probe  
  143  9:24  Disruptor (Chrono Boost)  
  142  9:25  Probe  
  142  9:30  Robotics Facility  
  146  9:31  Nexus  
  146  9:35  Photon Cannon  
  146  9:37  Shield Battery  
  146  9:43  High Templar  
  146  9:44  High Templar x3  
  154  9:50  Archon x2  
  154  9:51  Gateway  
  154  9:52  Photon Cannon  
  153  9:53  Gateway  
  153  9:57  Disruptor  
  155  10:05  Probe x2  
  157  10:07  Probe  
  156  10:15  Pylon  
  156  10:17  Disruptor (Chrono Boost)  
  159  10:22  Dark Shrine  
  159  10:25  Zealot  
  159  10:26  Zealot x7  
  173  10:32  Disruptor (Chrono Boost)  
  174  10:50  Disruptor (Chrono Boost)  
  177  10:59  Zealot x6  
  177  11:00  Zealot x2  
  193  11:09  Pylon, Probe  
  194  11:11  Probe  
  189  11:33  Stalker x2  
  175  11:55  Stalker  
Show
View Real Time Build Order
Export as new Build Order

BratOK Terran 

Build Orders: Hellion Opening 

Get SALT Encoding   

  12  0:00  SCV  
  13  0:12  SCV  
  14  0:17  Supply Depot  
  14  0:24  SCV  
  15  0:38  SCV  
  15  0:40  Barracks  
  16  0:43  Refinery  
  16  0:50  SCV  
  17  1:03  SCV  
  18  1:15  SCV  
  19  1:26  Marine  
  19  1:27  Orbital Command  
  20  1:41  Command Center  
  20  1:52  SCV  
  21  1:56  Factory  
  21  2:05  SCV, Barracks Reactor  
  22  2:11  Supply Depot  
  22  2:14  Refinery  
  22  2:18  SCV  
  23  2:32  SCV  
  24  2:46  Hellion  
  24  2:47  Hellion  
  24  2:48  SCV  
  29  2:54  Starport  
  29  2:56  Orbital Command  
  29  3:00  SCV  
  30  3:08  Hellion  
  30  3:11  Hellion  
  34  3:15  SCV  
  35  3:20  Supply Depot  
  35  3:24  SCV  
  36  3:31  Medivac, Hellion  
  40  3:35  Hellion  
  40  3:37  Barracks Tech Lab  
  40  3:38  SCV  
  40  3:39  SCV  
  44  3:45  Supply Depot  
  44  3:51  SCV x2  
  46  4:03  SCV  
  47  4:10  Siege Tank, Marine  
  47  4:11  Marine  
  47  4:13  SCV  
  47  4:16  SCV  
  54  4:20  Barracks x2  
  54  4:28  Marine  
  53  4:35  Marine  
  52  4:39  SCV x2  
  52  4:43  Supply Depot, Siege Tank, Starport Reactor  
  52  4:44  Starport Tech Lab  
  57  4:46  Marine  
  57  4:51  SCV x2  
  57  4:52  Refinery  
  60  4:53  Engineering Bay  
  60  4:55  Marine  
  61  5:03  SCV  
  61  5:06  Marine  
  63  5:07  SCV  
  63  5:08  Supply Depot  
  63  5:12  Starport Reactor  
  63  5:13  Marine  
  65  5:18  SCV  
  65  5:20  Factory Reactor  
  66  5:22  Combat Shield, Marauder x2, Stimpack  
  68  5:29  SCV  
  68  5:30  SCV  
  68  5:31  Supply Depot  
  68  5:34  Marine x2  
  70  5:40  Terran Infantry Weapons Level 1  
  70  5:41  SCV  
  70  5:42  Supply Depot x2  
  71  5:45  Marauder x2  
  71  5:49  SCV  
  76  5:51  Marine x2  
  76  5:56  Command Center  
  78  5:59  Missile Turret  
  82  6:04  Widow Mine x2  
  82  6:06  Marauder x2  
  82  6:08  SCV  
  87  6:11  Supply Depot  
  87  6:15  Medivac x2  
  91  6:21  Barracks  
  91  6:22  SCV  
  91  6:23  SCV  
  91  6:24  Barracks  
  93  6:26  Marine  
  93  6:28  Marauder  
  93  6:32  Widow Mine x2  
  100  6:34  Marine, Marauder  
  103  6:41  Refinery  
  103  6:45  Supply Depot  
  103  6:46  Medivac x2  
  107  6:47  Concussive Shells  
  107  6:53  Marine  
  107  6:54  Marauder  
  110  7:04  Supply Depot  
  110  7:07  Marauder, Supply Depot  
  112  7:10  Barracks Tech Lab  
  112  7:11  Barracks Reactor  
  112  7:20  SCV x2  
  118  7:29  Marauder x2, Marine x3  
  124  7:32  Medivac x2  
  124  7:35  SCV x2  
  127  7:42  Orbital Command  
  127  8:00  SCV x2  
  127  8:04  Starport, Viking x2  
  129  8:10  Supply Depot  
  129  8:12  Supply Depot, SCV x2  
  131  8:15  Terran Infantry Armor Level 1  
  131  8:24  SCV  
  131  8:25  SCV  
  131  8:26  SCV  
  134  8:27  Missile Turret  
  134  8:28  Refinery  
  134  8:29  Refinery  
  134  8:30  Marauder x2, Marine  
  134  8:32  Supply Depot  
  139  8:36  Supply Depot, SCV  
  139  8:37  SCV  
  139  8:38  SCV  
  139  8:39  Viking  
  144  8:45  Viking  
  146  8:49  SCV x2  
  146  8:50  SCV, Ghost Academy  
  146  8:54  Supply Depot  
  149  8:57  Viking  
  149  8:58  Supply Depot, Marine  
  149  9:01  SCV x2  
  149  9:02  SCV  
  150  9:13  SCV x2  
  150  9:14  SCV  
  151  9:19  Supply Depot  
  151  9:21  Supply Depot, Ghost x3  
  151  9:22  Enhanced Shockwaves  
  151  9:25  SCV x2  
  151  9:28  Missile Turret  
  151  9:31  Missile Turret  
  153  9:36  Viking  
  153  9:37  Viking  
  157  9:42  Marine x4  
  161  9:50  Marauder x3  
  161  9:52  Armory, Engineering Bay  
  167  9:59  Marine  
  167  10:00  Marine x3, Viking x2  
  167  10:06  Viking  
  176  10:11  Marine x2  
  178  10:15  Ghost  
  178  10:16  Viking  
  182  10:26  Command Center  
  182  10:29  Ghost  
  182  10:30  Viking  
  160  10:44  Marine, Marauder  
  160  10:45  Marauder  
  157  10:53  SCV x3  
  160  11:03  Marine, Marauder  
  163  11:05  SCV x3  
  163  11:06  Marauder  
  168  11:17  SCV  
  164  11:31  Marine  
  164  11:32  Marauder x2  
Tags
 
Add a new tag
Caveats
  • Supply blocks, unpowered buildings, or Contaminate may cause inaccurate times.
  • Supply counts are checked every 10 seconds.